 Dungeon Crawl Stone Soup version 0.26-a0-651-gb41185065b (webtiles) character file.

Game seed: 7371504066249015781

1356 Fingolfin the Changer (level 8, -4/86 HPs)
             Began as a Naga Transmuter on Oct 1, 2020.
             Slain by a centaur (8 damage)
             ... on level 6 of the Dungeon.
             The game lasted 00:19:48 (6422 turns).

Fingolfin the Changer (Naga Transmuter)             Turns: 6422, Time: 00:19:49

Health: -4/86      AC:  6    Str: 14    XL:     8   Next: 64%
Magic:  14/14      EV: 10    Int: 15    God:
Gold:   257        SH:  0    Dex: 11    Spells: 3/15 levels left

rFire    x . .     SeeInvis +     - Unarmed
rCold    + + +     Faith    .   (shield currently unavailable)
rNeg     . . .     Spirit   .   (armour currently unavailable)
rPois    +         Reflect  .   (helmet currently unavailable)
rElec    .         Harm     .   (cloak currently unavailable)
rCorr    .         Rampage  .   (gloves currently unavailable)
MR       +....                  (no barding)
Stlth    +.........             y - amulet of magic regeneration
HPRegen  0.24/turn              (no ring)
MPRegen  0.39/turn              (no ring)

@: ice-form
A: large, see invisible, spit poison 1, AC +2
a: Spit Poison, End Transformation


You were on level 6 of the Dungeon.
You were a creature of crystalline ice.
You visited 2 branches of the dungeon, and saw 7 of its levels.

You collected 257 gold pieces.

Inventory:

Hand Weapons
 H - a +5 quarterstaff (melded)
Missiles
 e - 190 stones
 h - 6 silver javelins
 j - 3 curare-tipped darts
 o - 52 poisoned darts
 s - 8 javelins (quivered)
 D - 4 boomerangs
 F - 6 datura-tipped darts
Armour
 a - a +0 robe (melded)
 k - a +0 ring mail
 u - a +0 pair of gloves (melded)
 v - a +2 helmet (melded)
Jewellery
 y - an amulet of magic regeneration (around neck)
Wands
 t - a wand of disintegration (6)
 x - a wand of flame (16)
Scrolls
 d - 2 scrolls of teleportation
 i - 4 scrolls of magic mapping
 l - 4 scrolls of remove curse
 n - 2 scrolls of amnesia
 p - 2 scrolls of fog {unknown}
 q - 2 scrolls of enchant weapon
 r - a scroll of enchant armour {unknown}
 A - a scroll of fear {unknown}
 E - a scroll of vulnerability {unknown}
Potions
 b - 3 potions of magic {unknown}
 c - a potion of brilliance {unknown}
 f - 2 potions of haste {unknown}
 g - 4 potions of curing {unknown}
 m - 3 potions of heal wounds
 w - a potion of degeneration {unknown}
 z - a potion of stabbing {unknown}
 B - 3 potions of might {unknown}
 C - a potion of lignification {unknown}
 G - a potion of mutation {unknown}


   Skills:
 + Level 4.1 Fighting
 - Level 1.5 Dodging
 - Level 3.0 Unarmed Combat
 - Level 4.0 Spellcasting
 - Level 6.0 Transmutations
 - Level 6.0 Ice Magic
 + Level 1.3 Evocations


You had 3 spell levels left.
You knew the following spells:

 Your Spells              Type           Power        Failure   Level
a - Beastly Appendage     Tmut           ###...       1%          1
b - Wereblood             Tmut           ###.....     2%          2
d - Blade Hands           Tmut           ###.......   38%         5
e - Ice Form              Ice/Tmut       ###.....     16%         4

Your spell library contained the following spells:

 Spells                   Type           Power        Failure   Level
 Spider Form              Tmut/Pois      ##........   16%         3


Dungeon Overview and Level Annotations

Branches:
Dungeon (6/15)             Temple (1/1) D:4

Altars:
Ashenzari
Dithmenos
Elyvilon
Fedhas
Gozag
Kikubaaqudgha
Makhleb
Okawaru
Qazlal
Ru
Sif Muna
Trog
Vehumet
Wu Jian
Yredelemnul
Zin
The Shining One

Shops:
D:5 }


Innate Abilities, Weirdness & Mutations

You cannot wear boots.
((Your serpentine skin is tough. (AC +2)))
You have supernaturally acute eyesight. (SInv)
((Armour fits poorly on your strangely shaped body.))
((Your system is resistant to poisons. (rPois)))
((You cover ground very slowly.))
You can spit poison.


Message History

The white imp is severely wounded.
The white imp gestures at you. The puff of frost misses you.
You hit the white imp.
The white imp is almost dead.
The white imp completely misses you.
You punch the white imp!
You kill the white imp!
The centaur shoots an arrow.
The arrow hits you!
* * * LOW HITPOINT WARNING * * *
The centaur unwields a +0 shortbow.
The centaur closely misses you. The centaur hits you.
* * * LOW HITPOINT WARNING * * *
Items here: ) †††.
You barely miss the centaur. The centaur hits you.
* * * LOW HITPOINT WARNING * * *
You hit the centaur. You freeze the centaur.
The centaur is moderately wounded.
The centaur hits you!
You die...

............# #.#
####.######.# #.# #
#.# *,* #># #.# *,*
#.# ***** #.# #.####.#
***,,,* ####.#
#......#######,+,,,*
.....#
######.(......,*,,,*
###### #(#######******
***************#Y#****
*,*
,,,,,,,,,,,,,#..c....#
*,*
************,#.#.###.#
*,***** *
*,#.#.#**,****,,,,,**
*
*,#,#..,,,,,,,,,,,,,*
#***
*,*,#..**,********,,*
.,,*
*,*,#..**,********,,*
#*,*
*,*,....,,**,,,,,,,,*
**,*
*,**,,,*****,******,*


You could see a centaur.

Vanquished Creatures
  Menkaure (D:4)
  An ice beast (D:5)
  A phantom (D:4)
  An ogre (D:5)
  A centaur (D:5)
  A big kobold (D:6)
  A howler monkey (D:4)
  An orc priest (D:5)
  A hound (D:4)
  A jelly (D:5)
  2 gnoll shamans
  A centaur skeleton (D:5)
  Natasha (thrice) (D:4)
  Terence (D:3)
  An iguana (D:5)
  3 worker ants
  A killer bee zombie (D:5)
  14 adders
  11 gnolls
  3 white imps
  An ufetubus (D:6)
  3 oozes
  3 worms
  A dart slug (D:5)
  3 leopard geckos
  16 orcs
  3 ball pythons
  12 bats
  2 giant cockroaches (D:2)
  6 goblins
  8 hobgoblins
  5 jackals
  13 kobolds
  2 quokkas
  3 frilled lizards
  7 rats
138 creatures vanquished.

Notes
Turn   | Place    | Note
-------+----------+-------------------------------------------
     0 | D:1      | Fingolfin the Naga Transmuter began the quest for the Orb.
     0 | D:1      | Reached XP level 1. HP: 18/18 MP: 3/3
   223 | D:1      | Reached XP level 2. HP: 23/26 MP: 5/5
   567 | D:2      | Reached XP level 3. HP: 29/34 MP: 6/6
   832 | D:2      | Reached XP level 4. HP: 41/44 MP: 7/7
   836 | D:2      | Learned a level 2 spell: Wereblood
   841 | D:2      | Learned a level 4 spell: Ice Form
  1252 | D:2      | Found a white marble altar of Elyvilon.
  1349 | D:2      | Found a faded altar of an unknown god.
  1429 | D:2      | Reached skill level 1 in Ice Magic
  1946 | D:2      | Reached XP level 5. HP: 50/50 MP: 8/8
  2369 | D:3      | Noticed Terence
  2392 | D:3      | Killed Terence
  2973 | D:3      | Reached XP level 6. HP: 54/57 MP: 9/9
  2989 | D:3      | Found a broken altar of Ashenzari.
  3554 | D:4      | Noticed Menkaure
  3564 | D:4      | Killed Menkaure
  3779 | D:4      | Found a staircase to the Ecumenical Temple.
  3784 | Temple   | Entered the Ecumenical Temple
  3937 | D:4      | Noticed Natasha
  3947 | D:4      | Killed Natasha
  3950 | D:4      | Noticed a phantom
  3963 | D:4      | Reached XP level 7. HP: 32/63 MP: 9/12
  4004 | D:4      | HP: 3/63 [gnoll/+0 halberd (9)]
  4419 | D:4      | Noticed Natasha
  4425 | D:4      | Killed Natasha
  4561 | D:4      | Found a staircase to the Ecumenical Temple.
  4832 | D:4      | Noticed Natasha
  4838 | D:4      | Killed Natasha
  4928 | D:5      | Entered Level 5 of the Dungeon
  4946 | D:5      | Learned a level 5 spell: Blade Hands
  5280 | D:5      | Reached skill level 5 in Transmutations
  5384 | D:5      | Reached XP level 8. HP: 39/72 MP: 9/14
  5596 | D:5      | Found an opulent altar of Gozag.
  5603 | D:5      | Found a radiant altar of Vehumet.
  5606 | D:5      | Found an iron altar of Okawaru.
  5846 | D:5      | Found Wevuf's Gadget Emporium.
  5925 | D:5      | Found an ancient bone altar of Kikubaaqudgha.
  5932 | D:5      | Reached skill level 5 in Ice Magic
  5975 | D:5      | Found a basalt altar of Yredelemnul.
  6412 | D:6      | Reached skill level 1 in Evocations
  6421 | D:6      | HP: 4/86 [centaur (5)]
  6422 | D:6      | Slain by a centaur

Illustrated notes

Levels and vault maps discovered:
D:1:      roderic_crossed_star, layout_basic, chequers_serial_rivers_micro_e
D:2:      minmay_door_path, layout_loops_ring, elyvilon_altar_3,
          chequers_ecumenical_altar_simple_redux, minmay_increasing_density
D:3:      layout_loops_ring, lemuel_coloured_pillars_altar, minmay_diced_spiral,
          uniq_terence
D:4:      layout_basic, temple_doors_e, uniq_menkaure, uniq_natasha
D:5:      layout_cave_pools, old_standard_altar, old_standard_altar,
          minmay_overflow_temple_star_quad, serial_shops, shop
D:6:      layout_loops_ring, minmay_ogre_servants, uniq_blork_the_orc
Temple:   zaba_magenta_temple

Skill      XL: |  1  2  3  4  5  6  7  8 |
---------------+-------------------------+-----
Fighting       | 3 4 |  4.1
Ice Magic      | 1 2 3 4 6 |  6.0
Transmutations | 3 5 6 |  6.0
Spellcasting   | 3 4 |  4.0
Evocations     | 1 |  1.3
Dodging        | |  1.5
Unarmed Combat | |  3.0

Action                   |  1- 3 |  4- 6 |  7- 9 || total
-------------------------+-------+-------+-------++-------
Melee: Spear             |    67 |   201 |    76 ||   344
       Unarmed           |       |       |   128 ||   128
       Punch             |       |       |     2 ||     2
       Quarterstaff      |       |       |     5 ||     5
Throw: Javelin           |       |       |    12 ||    12
 Cast: Wereblood         |       |     2 |     1 ||     3
       Ice Form          |       |       |    16 ||    16
 Abil: Spit Poison       |    23 |    36 |    12 ||    71
Evoke: Wand              |       |     5 |     5 ||    10
  Use: Potion            |       |       |     3 ||     3
       Scroll            |       |       |     5 ||     5
Armor: Robe              |     2 |       |    13 ||    15
       Ring mail         |    13 |    71 |    31 ||   115
       Skin              |       |       |    29 ||    29
Dodge: Dodged            |    26 |    64 |    88 ||   178

Table legend: (Time is in decaauts)
 A = Elapsed time spent in this place.
 B = Non-inter-level travel time spent in this place.
 C = Inter-level travel time spent in this place.
 D = Time resting spent in this place.
 E = Time spent auto-exploring this place.
 F = Levels seen in this place.
 G = Mean time per level.
                   A        B        C        D        E       F      G
               +--------+--------+--------+--------+--------+-----+--------+
         Total |   7758 |   7563 |    195 |   2154 |   4177 |   7 | 1108.3 |
       Dungeon |   7652 |   7482 |    170 |   2154 |   4097 |   6 | 1275.3 |
        Temple |    106 |     81 |     25 |      0 |     79 |   1 |  106.0 |
               +--------+--------+--------+--------+--------+-----+--------+

Top non-repeatable levels by time:
     D:2: 2038 daAuts
     D:4: 1854 daAuts
     D:5: 1410 daAuts
     D:3: 1392 daAuts
     D:1: 681 daAuts
     D:6: 274 daAuts
  Temple: 106 daAuts
